 Dungeon Crawl Stone Soup version 0.27-a0-1513-g2aaa0cc67b (webtiles) character file.

Game seed: 11649798739232182512

1120 hilljack the Digger (level 8, -2/61 HPs)
             Began as a Gargoyle Earth Elementalist on July 10, 2021.
             Was an Initiate of Sif Muna.
             Slain by a troll (7 damage)
             ... on level 4 of the Dungeon.
             The game lasted 00:14:49 (5613 turns).

hilljack the Digger (Gargoyle Earth Elementalist)   Turns: 5613, Time: 00:14:51

Health: -2/61      AC: 24    Str: 12    XL:     8   Next: 34%
Magic:  11/15      EV:  2    Int: 24    God:    Sif Muna [......]
Gold:   289        SH:  0    Dex: 10    Spells: 6/16 levels left

rFire    . . .     SeeInvis .   a - +1 dagger (venom)
rCold    . . .     Faith    .   (no shield)
rNeg     + + +     Spirit   .   (armour currently unavailable)
rPois    ∞         Reflect  .   (helmet currently unavailable)
rElec    .         Harm     .   (cloak currently unavailable)
rCorr    .         Rampage  .   (gloves currently unavailable)
Will     .....     NoTele   +   (boots currently unavailable)
Stlth    ++........             (no amulet)
HPRegen  0.20/turn              d - ring "Guceipia" {Int+6 Slay+3}
MPRegen  0.14/turn              (no ring)

@: tree-form
A: stationary, stasis, torment immunity, boosted hp, sickness immunity, AC +5,
negative energy resistance 1, (electricity resistance), torment resistance 1,
petrification resistance
a: Renounce Religion


You were on level 4 of the Dungeon.
You worshipped Sif Muna.
Sif Muna was noncommittal.
You were a tree.
You visited 2 branches of the dungeon, and saw 7 of its levels.

You collected 289 gold pieces.

Inventory:

Hand Weapons
 a - a +1 dagger of venom (weapon)
 b - a +0 hunting sling
 e - a +2 quarterstaff of chaos
Missiles
 c - 120 stones (quivered)
 n - 21 sling bullets
Armour
 g - a +0 pair of boots (melded)
 h - a +1 leather armour
 l - a +0 cloak (melded)
 m - a +0 pair of gloves (melded)
 o - the +1 ring mail of Buutopha (melded) {Drain rPois Regen+ Slay+5}
   (You found it on level 4 of the Dungeon)

   Slay:      It affects your accuracy & damage with ranged weapons and melee
   (+5).
   rPois:     It protects you from poison.
   Regen:     It increases your rate of health regeneration.
   Drain:     It drains your maximum health when unequipped.
Jewellery
 d - the ring "Guceipia" (left branch) {Int+6 Slay+3}
   (You acquired it on level 3 of the Dungeon)

   [ring of intelligence]

   Int:       It affects your intelligence (+6).
   Slay:      It affects your accuracy & damage with ranged weapons and melee
   (+3).
Wands
 i - a wand of iceblast (9)
 k - a wand of flame (35)
Scrolls
 j - 2 scrolls of holy word
 q - a scroll of identify


   Skills:
 + Level 4.7 Armour
 - Level 1.5 Dodging
 - Level 2.1 Stealth
 + Level 4.8 Spellcasting
 + Level 5.0 Conjurations
 - Level 0.7 Transmutations
 + Level 6.9 Earth Magic


You had 6 spell levels left.
You knew the following spells:

 Your Spells              Type           Power      Damage    Failure   Level
a - Sandblast             Erth           76%        2d16      1%          1
b - Passwall              Tmut/Erth      20%        N/A       2%          2
c - Stone Arrow           Conj/Erth      68%        3d11      2%          3
d - Petrify               Tmut/Erth      24%        N/A       19%         4

Your spell library contained the following spells:

 Spells                   Type           Power      Damage    Failure   Level
 Beastly Appendage        Tmut           18%        N/A       7%          1
 Wereblood                Tmut           9%         N/A       10%         2
 Spider Form              Tmut/Pois      3%         N/A       24%         3


Dungeon Overview and Level Annotations

Branches:
Dungeon (6/15)             Temple (1/1) D:4

Altars:
Cheibriados
Dithmenos
Elyvilon
Gozag
Hepliaklqana
Makhleb
Nemelex Xobeh
Okawaru
Qazlal
Sif Muna
Trog
Uskayaw
Xom
Yredelemnul
Zin
The Shining One

Shops:
D:2 =   D:3 :


Innate Abilities, Weirdness & Mutations

You are a tree.
Your roots penetrate the ground, keeping you stationary.
You cannot be teleported.
You are immune to unholy pain and torment.
Your maximum health is greatly increased.
Your equipment is partially melded.
You are immune to sickness and miasma.
((Your stone body is resilient. (AC +5)))
You are immune to poison.
You resist negative energy. (rN+)
((You are resistant to electric shocks. (rElec)))
You are resistant to unholy torment.
You are immune to petrification.


Message History

Your +0 pair of boots melds into your body.
The +1 ring mail of Buutopha {Drain rPois Regen+ Slay+5} melds into your body.
Your roots penetrate the ground.
The troll bites you!
* * * LOW HITPOINT WARNING * * *
The troll claws you but does no damage. The troll barely misses you.
Casting: Sandblast (safe; 1% risk of failure)
Confirm with . or Enter, or press ? or * to list all spells.
Aiming: Sandblast (safe; 1% risk of failure)
Press: ? - help, Shift-Dir - straight line, f - troll
Aim: a troll (lightly wounded, 82% to hit)
The blast of sand misses the troll.
c - 120 stones The troll bites you.
* * * LOW HITPOINT WARNING * * *
The troll claws you but does no damage. The troll barely misses you.
Casting: Sandblast (safe; 1% risk of failure)
Confirm with . or Enter, or press ? or * to list all spells.
Aiming: Stone Arrow (dangerous; 2% risk of failure)
Press: ? - help, Shift-Dir - straight line, f/p - troll
Aim: a troll (lightly wounded, 74% to hit)
The stone arrow misses the troll.
The troll bites you but does no damage. The troll claws you but does no damage.
The troll claws you.
* * * LOW HITPOINT WARNING * * *
You feel better. The troll bites you but does no damage. The troll claws you.
* * * LOW HITPOINT WARNING * * *
The troll claws you.
* * * LOW HITPOINT WARNING * * *
As you read the scroll labelled ZOPRIM KOEJ, it crumbles to dust.
You feel momentarily disoriented.
It was a scroll of magic mapping.
The troll bites you but does no damage. The troll claws you but does no damage.
The troll claws you!
* * * LOW HITPOINT WARNING * * *
As you read the scroll labelled GEHOUR RUE, it crumbles to dust.
It is a scroll of enchant armour.
Your +0 leather armour glows green for a moment.
The troll bites you but does no damage.
The troll claws you but does no damage. x2
You feel better. The troll bites you.
* * * LOW HITPOINT WARNING * * *
The troll claws you!
You die...

#####.##
#≈≈≈≈≈#..).....#
#..)..#####'###.###.)..#
#.##P..##.#.#.#.# #....#
#.###.###.#.....# #....#
#.P#...#P.####..# #....#
#....>....# #..# ######
##P#...#P.# ##'########
####.##..# #.........#
#P.P..## #.♣.......#
##...## #.T)......#
##### ##'######## #.#
#.# #.# #.# #.# #.#


You could see a troll.

Vanquished Creatures
  Menkaure (D:5)
  An ice beast (D:5)
  A necrophage (D:4)
  An ogre (D:5)
  3 scorpions
  A water moccasin skeleton (D:4)
  2 wights (D:5)
  A bullfrog skeleton (D:5)
  Crazy Yiuf (D:3)
  A centaur skeleton (D:4)
  2 hounds (D:4)
  Jessica (D:3)
  Natasha (twice) (D:2)
  Ijyb (D:3)
  Robin (D:2)
  6 adders
  4 gnolls (D:4)
  3 worms
  5 dart slugs
  An orc (D:3)
  4 bats
  11 endoplasms
  2 giant cockroaches
  15 goblins
  5 hobgoblins
  A quokka (D:3)
  6 ball pythons
  5 frilled lizards
  2 kobolds
  4 rats
94 creatures vanquished.

Vanquished Creatures (others)
  A plant (D:4)
1 creature vanquished.

Grand Total: 95 creatures vanquished

Notes
Turn   | Place    | Note
-------+----------+-------------------------------------------
     0 | D:1      | hilljack the Gargoyle Earth Elementalist began the quest
                  | for the Orb.
     0 | D:1      | Reached XP level 1. HP: 10/10 MP: 3/3
   651 | D:1      | Reached XP level 2. HP: 15/15 MP: 5/5
  1106 | D:2      | Reached skill level 1 in Conjurations
  1106 | D:2      | Reached skill level 4 in Earth Magic
  1111 | D:2      | Learned a level 2 spell: Passwall
  1309 | D:2      | Reached XP level 3. HP: 19/19 MP: 6/6
  1393 | D:2      | Found Yneps's Jewellery Shoppe.
  1440 | D:2      | Noticed Natasha
  1446 | D:2      | Killed Natasha
  1447 | D:2      | Reached skill level 1 in Armour
  1447 | D:2      | Reached XP level 4. HP: 24/24 MP: 3/8
  1450 | D:2      | Identified the +2 helmet of a Billion Persimmons {rPois
                  | Will+++ Regen+ Int+4}
  1450 | D:2      | Noticed Robin
  1452 | D:2      | Learned a level 3 spell: Stone Arrow
  1459 | D:2      | Killed Robin
  1545 | D:2      | Noticed Natasha
  1557 | D:2      | Killed Natasha
  1794 | D:2      | Reached XP level 5. HP: 21/28 MP: 6/9
  2626 | D:3      | Identified a scroll of acquirement
  2626 | D:3      | Acquired the ring "Guceipia" {Int+6 Slay+3}
  2760 | D:3      | Noticed Ijyb
  2769 | D:3      | Killed Ijyb
  2858 | D:3      | Found Noinua's Book Shop.
  2873 | D:3      | Found a faded altar of an unknown god.
  2900 | D:3      | Learned a level 4 spell: Petrify
  3095 | D:3      | Found a runed translucent door.
  3096 | D:3      | Noticed Crazy Yiuf
  3562 | D:3      | Reached skill level 5 in Earth Magic
  3604 | D:3      | Noticed Jessica
  3606 | D:3      | Killed Jessica
  3793 | D:3      | Killed Crazy Yiuf
  3794 | D:3      | Reached XP level 6. HP: 32/32 MP: 4/11
  3910 | D:4      | Identified the +1 ring mail of Buutopha {Drain rPois Regen+
                  | Slay+5}
  4116 | D:4      | Noticed a necrophage
  4121 | D:4      | Killed a necrophage
  4122 | D:4      | Reached XP level 7. HP: 33/36 MP: 12/12
  4551 | D:4      | Found a staircase to the Ecumenical Temple.
  4580 | D:4      | Reached skill level 6 in Earth Magic
  4898 | D:5      | Entered Level 5 of the Dungeon
  4898 | D:5      | Noticed Menkaure
  4901 | D:5      | Killed Menkaure
  5010 | D:5      | Noticed a troll
  5022 | D:5      | Reached XP level 8. HP: 16/41 MP: 11/14
  5151 | D:5      | Reached skill level 5 in Conjurations
  5285 | Temple   | Entered the Ecumenical Temple
  5503 | Temple   | Became a worshipper of Sif Muna the Loreminder
  5613 | D:4      | Slain by a troll

Illustrated notes

Levels and vault maps discovered:
D:1:      psy_arrival_conway, layout_basic, corexii_hall_statues_t,
          kennysheep_pointless_box
D:2:      layout_loops_corners, serial_shops, shop_coins,
          chequers_serial_rivers_large_b, uniq_natasha, uniq_robin
D:3:      minmay_razor_zed, layout_basic, serial_shops, shop,
          ebering_ecumenical_altar_rust, uniq_jessica, uniq_crazy_yiuf_cottage,
          uniq_ijyb
D:4:      layout_basic, minmay_temple_entry_gardened_gates,
          chequers_serial_rivers_room_b, kennysheep_small_circle
D:5:      layout_loops_cross, serial_shops, kennysheep_little_box,
          bh_walls_and_bars, uniq_prince_ribbit1, uniq_blork_the_orc,
          uniq_menkaure
D:6:      minmay_octagon_keep, layout_basic, pdpol_wu_jian_five_deadly_venoms,
          uniq_sigmund
Temple:   regret_index_temple_sphere_string

Skill      XL: |  1  2  3  4  5  6  7  8 |
---------------+-------------------------+-----
Conjurations   | 1 2 3 4 5 |  5.0
Earth Magic    | 4 5 6 |  6.9
Armour         | 1 2 3 4 |  4.7
Spellcasting   | 3 4 |  4.8
Dodging        | |  1.5
Stealth        | |  2.1
Transmutations | |  0.7

Action                   |  1- 3 |  4- 6 |  7- 9 || total
-------------------------+-------+-------+-------++-------
Melee: Dagger            |       |    17 |    30 ||    47
 Fire: Hunting sling     |    34 |   116 |    31 ||   181
Throw: Stone             |       |       |     3 ||     3
 Cast: Sandblast         |    13 |    44 |    10 ||    67
       Stone Arrow       |       |     1 |     1 ||     2
  Use: Scroll            |     1 |     6 |     4 ||    11
       Potion            |       |     2 |     5 ||     7
Armor: Leather armour    |     7 |    17 |       ||    24
       Ring mail         |       |     7 |    42 ||    49
       Skin              |       |       |    10 ||    10
Dodge: Dodged            |    10 |    42 |    44 ||    96

Table legend: (Time is in decaauts)
 A = Elapsed time spent in this place.
 B = Non-inter-level travel time spent in this place.
 C = Inter-level travel time spent in this place.
 D = Time resting spent in this place.
 E = Time spent auto-exploring this place.
 F = Levels seen in this place.
 G = Mean time per level.
                   A        B        C        D        E       F      G
               +--------+--------+--------+--------+--------+-----+--------+
         Total |   5692 |   5244 |    448 |    496 |   4042 |   7 |  813.1 |
       Dungeon |   5448 |   5095 |    353 |    496 |   3895 |   6 |  908.0 |
        Temple |    243 |    148 |     95 |      0 |    147 |   1 |  243.0 |
               +--------+--------+--------+--------+--------+-----+--------+

Top non-repeatable levels by time:
     D:3: 1472 daAuts
     D:2: 1421 daAuts
     D:4: 1165 daAuts
     D:1: 1081 daAuts
     D:5: 283 daAuts
  Temple: 243 daAuts
     D:6: 23 daAuts
